 Dungeon Crawl Stone Soup version 0.30-a0-377-g5cb311bc9f (webtiles) character file.

Game seed: 12542982791800380602

4329 pokeman the Thaumaturge (level 10, -13/56 HPs)
             Began as a Deep Elf Hedge Wizard on Nov 30, 2022.
             Mangled by a white ugly thing (29 damage)
             ... on level 9 of the Dungeon.
             The game lasted 00:17:27 (8813 turns).

pokeman the Thaumaturge (Deep Elf Hedge Wizard)     Turns: 8813, Time: 00:17:27

Health: -13/56     AC:  7    Str:  7    XL:     10   Next: 12%
Magic:  16/29      EV: 13    Int: 24    God:
Gold:   211        SH:  0    Dex: 14    Spells: 21/35 levels left

rFire   + . .      SeeInvis .    y - +9 flail of Gin and Tonic {spect, rCorr}
rCold   . . .      Faith    .    (no shield)
rNeg    . . .      Spirit   .    w - +2 robe {rF+}
rPois   .          Reflect  .    c - +0 hat
rElec   .          Harm     .    B - +2 cloak {Will+}
rCorr   +          Rampage  .    (no gloves)
Will    +++..                    (no boots)
Stlth   ++........               z - amulet of the acrobat
HPRegen 0.29/turn                u - ring of willpower
MPRegen 0.21/turn                (no ring)

@: very slightly contaminated
A: no striking features
a: no special abilities


You were on level 9 of the Dungeon.
You visited 1 branch of the dungeon, and saw 9 of its levels.

You collected 607 gold pieces.
You spent 396 gold pieces at shops.

Inventory:

Hand Weapons
 q - the +7 staff of the Meek {protect, meekguard}
   (You found it on level 4 of the Dungeon)

   It grants its wielder temporary protection when it strikes (+7 to AC).
   It provides extra protection to wielders with little health.
 y - the +9 flail of Gin and Tonic (weapon) {spect, rCorr}
   (You found it on level 7 of the Dungeon)

   When its wielder attacks, the weapon's spirit leaps out and strikes again.
   The spirit shares a part of any damage it takes with its wielder.
   rCorr:     It protects you from acid and corrosion.
 F - a +1 demon whip of venom
Armour
 c - a +0 hat (worn)
 h - a +2 robe of cold resistance
 w - a +2 robe of fire resistance (worn)
 B - a +2 cloak of willpower (worn)
 G - a +0 kite shield
Jewellery
 u - a ring of willpower (left hand)
 z - an amulet of the acrobat (around neck)
 C - a ring of ice
 H - an amulet of faith
Wands
 v - a wand of paralysis (4)
Scrolls
 a - a scroll of fear {unknown}
 b - 8 scrolls of identify {unknown}
 e - a scroll of noise {unknown}
 f - 3 scrolls of immolation {unknown}
 n - 3 scrolls of enchant weapon {unknown}
 o - a scroll of butterflies {unknown}
 p - a scroll of acquirement {unknown}
 x - a scroll of teleportation {unknown}
 A - 2 scrolls of enchant armour {unknown}
 D - a scroll of vulnerability {unknown}
 E - 2 scrolls of poison {unknown}
Potions
 d - a potion of magic
 g - 2 potions of flight {unknown}
 i - 2 potions of ambrosia {unknown}
 j - a potion of berserk rage {unknown}
 k - 3 potions of curing
 l - 5 potions of heal wounds
 m - a potion of might {unknown}
 r - 3 potions of attraction {unknown}
 s - a potion of brilliance {unknown}
 t - 2 potions of lignification {unknown}


   Skills:
 - Level 4.0 Fighting
 + Level 3.2 Armour
 - Level 3.0 Dodging
 - Level 3.1 Stealth
 * Level 13.1 Spellcasting
 + Level 7.4 Conjurations
 - Level 1.1 Summonings
 - Level 1.1 Translocations
 + Level 5.4 Fire Magic
 - Level 1.1 Air Magic
 - Level 1.1 Poison Magic
 - Level 1.0 Evocations


You had 21 spell levels left.
You knew the following spells:

 Your Spells              Type           Power      Damage    Failure   Level
a - Magic Dart            Conj           100%       1d8       1%          1
b - Mephitic Cloud        Conj/Pois/Air  31%        N/A       3%          3
c - Call Imp              Summ           21%        N/A       3%          2
d - Blink                 Tloc           42%        N/A       3%          2
e - Foxfire               Conj/Fire      100%       2x1d9     1%          1
f - Fireball              Conj/Fire      23%        3d11      8%          5

Your spell library contained the following spells:

 Spells                   Type           Power      Damage    Failure   Level
 Hailstorm                Conj/Ice       33%        3d8       2%          3
 Freeze                   Ice            60%        1d7       3%          1
 Slow                     Hex            60%        N/A       3%          1
 Sting                    Tmut/Pois      72%        1d6       3%          1
 Poisonous Vapours        Pois/Air       42%        N/A       3%          2
 Cigotuvi's Dreadful Rot  Necr/Pois/Air  38%        N/A       4%          2
 Call Canine Familiar     Summ           21%        N/A       8%          3
 Portal Projectile        Hex/Tloc       36%        N/A       10%         3
 Frozen Ramparts          Ice            30%        1d5       12%         3
 Olgreb's Toxic Radiance  Pois           21%        N/A       24%         4
 Leda's Liquefaction      Hex/Erth       7%         N/A       36%         4
 Starburst                Conj/Fire      23%        6d8       38%         6


Dungeon Overview and Level Annotations

Branches:
Dungeon (9/15)             Temple (0/1) D:7
   Lair: D:8-11         Orc: D:9-12

Altars:
Nemelex Xobeh
Trog

Shops:
D:2 :=!   D:6 ?   D:7 [   D:8 (

Annotations:
D:3 1 runed translucent door, scionoferis's ghost, weakling TrEE


Message History

Okay, then.
Unknown command.
Casting: Mephitic Cloud (dangerous; 3% risk of failure)
Confirm with . or Enter, or press ? or * to list all spells.
Aiming: Mephitic Cloud (dangerous; 3% risk of failure)
Press: ? - help, Shift-Dir - straight line, f - white ugly thing
Aim: a white ugly thing (lightly wounded, chance to affect: 43%)
The ball explodes into a vile cloud!
The stinking cloud engulfs the white ugly thing but does no damage.
The white ugly thing is lightly wounded.
The stinking cloud engulfs the kobold brigand but does no damage.
The kobold brigand is lightly wounded.
The stinking cloud engulfs the kobold but does no damage.
The kobold is heavily wounded.
The white ugly thing is engulfed in noxious fumes.
The kobold is engulfed in noxious fumes.
The kobold appears confused.
The white ugly thing gores you but does no damage.
Unknown command.
Unknown command.
The kobold is engulfed in noxious fumes.
The kobold appears confused.
The kobold brigand hits itself with a +0 dagger.
The white ugly thing barely misses you.
Something closely misses the white ugly thing.
Casting: Mephitic Cloud (dangerous; 3% risk of failure)
Confirm with . or Enter, or press ? or * to list all spells.
A beastly little devil appears in a puff of frigid air.
You feel a bit more experienced. The white ugly thing gores you.
The white ugly thing freezes you!!
Unknown command.
Casting: Call Imp (safe; 3% risk of failure)
Confirm with . or Enter, or press ? or * to list all spells.
You miscast Blink.
You are very lightly contaminated with residual magic.
Nothing appears to happen.
The white ugly thing gores you!
* * * LOW HITPOINT WARNING * * *
The white ugly thing freezes you!!
Ouch! That really hurt!
You die...

............)..>......
.......)....)).#####..
...#####.......# .
#..####.# #..# #.#
#..# #.# #..# #.# #..#
#.# #<.# #@# #..#
#u#####.. #..#
#.5K.K... #..#
#..K.K... #..#
#..####.. #..# #..#
#..# #..# #..# #K.#
#..#


You could see a white ugly thing (ally target), a kobold brigand (confused), a
kobold and a friendly white imp (summoned).

Vanquished Creatures
  Amaemon (D:8)
  Pikel (D:9)
  An orange demon (D:8)
  Sigmund (D:6)
  A wraith (D:6)
  A wyvern (D:8)
  A water moccasin (D:5)
  2 orc warriors (D:7)
  A black bear (D:6)
  A sky beast (D:7)
  A centaur (D:7)
  An ogre (D:4)
  3 lemures (D:9)
  2 kobold brigands
  4 bullfrogs
  2 necrophages (D:5)
  A gnoll sergeant (D:8)
  3 scorpions
  5 wights (D:8)
  3 killer bees (D:8)
  2 hounds
  2 jellies
  Crazy Yiuf (D:7)
  2 orc priests
  Jessica (D:2)
  2 iguanas (D:5)
  5 orc wizards
  Natasha (thrice) (D:2)
  14 gnolls
  5 adders
  A shadow imp (D:8)
  A white imp (D:8)
  A worm (D:2)
  26 orcs
  9 ball pythons
  6 bats
  4 endoplasms
  A giant cockroach (D:2)
  7 goblins
  4 hobgoblins
  6 jackals (D:2)
  23 kobolds
  3 quokkas
  5 frilled lizards
  4 rats
174 creatures vanquished.

Vanquished Creatures (others)
  A gnoll bouda (D:5)
  325 foxfires
326 creatures vanquished.

Grand Total: 500 creatures vanquished

Notes
Turn   | Place    | Note
-------+----------+-------------------------------------------
     0 | D:1      | pokeman the Deep Elf Hedge Wizard began the quest for the
                  | Orb.
     0 | D:1      | Reached XP level 1. HP: 10/10 MP: 7/7
   299 | D:1      | Reached XP level 2. HP: 16/16 MP: 2/9
  1198 | D:2      | Reached skill level 5 in Spellcasting
  1344 | D:2      | Found Heij's Book Emporium.
  1344 | D:2      | Noticed Jessica
  1358 | D:2      | Killed Jessica
  1359 | D:2      | Reached skill level 1 in Fighting
  1359 | D:2      | Reached skill level 1 in Armour
  1359 | D:2      | Reached XP level 3. HP: 20/20 MP: 3/11
  1376 | D:2      | Learned a level 3 spell: Mephitic Cloud
  1379 | D:2      | Learned a level 2 spell: Call Imp
  1382 | D:2      | Learned a level 2 spell: Blink
  1611 | D:2      | Found Apod's Jewellery Shop.
  1650 | D:2      | Found Etuo's Distillery.
  1671 | D:2      | Bought a potion of curing for 36 gold pieces
  1671 | D:2      | Bought a potion of heal wounds for 60 gold pieces
  1855 | D:2      | Noticed Natasha
  1859 | D:2      | Killed Natasha
  1860 | D:2      | Reached XP level 4. HP: 25/25 MP: 7/13
  1908 | D:2      | Noticed Natasha
  1917 | D:2      | Killed Natasha
  2212 | D:2      | Noticed Natasha
  2217 | D:2      | Killed Natasha
  2218 | D:2      | Reached skill level 6 in Spellcasting
  2218 | D:2      | Reached XP level 5. HP: 25/29 MP: 8/15
  2632 | D:3      | Found a faded altar of an unknown god.
  2970 | D:3      | Found a runed translucent door.
  2975 | D:3      | Noticed scionoferis's ghost (weakling TrEE)
  3335 | D:4      | Reached skill level 1 in Air Magic
  3335 | D:4      | Reached skill level 1 in Poison Magic
  3335 | D:4      | Reached XP level 6. HP: 34/34 MP: 11/17
  3562 | D:4      | Found the +7 staff of the Meek {protect, meekguard}
  3793 | D:4      | Reached skill level 7 in Spellcasting
  4361 | D:5      | Entered Level 5 of the Dungeon
  4526 | D:5      | Reached XP level 7. HP: 40/40 MP: 15/20
  4565 | D:5      | Reached skill level 8 in Spellcasting
  4914 | D:5      | Reached skill level 9 in Spellcasting
  5321 | D:2      | Bought a book of Fire for 300 gold pieces
  5324 | D:2      | Learned a level 1 spell: Foxfire
  5330 | D:2      | Learned a level 5 spell: Fireball
  5457 | D:6      | Reached XP level 8. HP: 44/44 MP: 18/23
  5536 | D:6      | Reached skill level 5 in Conjurations
  5536 | D:6      | Reached skill level 1 in Fire Magic
  5835 | D:6      | Found Nium's Magic Scroll Emporium.
  5987 | D:6      | Reached skill level 10 in Spellcasting
  6091 | D:6      | Noticed Sigmund
  6102 | D:6      | Killed Sigmund
  6255 | D:6      | Found a sparkling altar of Nemelex Xobeh.
  6256 | D:6      | Found a bloodstained altar of Trog.
  6452 | D:7      | Found Woeba's Armour Shop.
  6563 | D:7      | Identified the +9 flail of Gin and Tonic {spect, rCorr}
  6804 | D:7      | Found a runed translucent door.
  6805 | D:7      | Noticed Crazy Yiuf
  6867 | D:7      | Reached skill level 11 in Spellcasting
  6867 | D:7      | Reached XP level 9. HP: 8/49 MP: 13/26
  7337 | D:7      | Found a staircase to the Ecumenical Temple.
  7443 | D:7      | Killed Crazy Yiuf
  7541 | D:8      | Found Yttoxzufeud's Weapon Shoppe.
  7751 | D:8      | Reached skill level 1 in Evocations
  8039 | D:8      | Noticed Amaemon
  8039 | D:8      | Noticed an orange demon
  8057 | D:8      | Killed an orange demon
  8058 | D:8      | Reached skill level 12 in Spellcasting
  8155 | D:8      | Killed Amaemon
  8156 | D:8      | Reached skill level 5 in Fire Magic
  8692 | D:9      | Noticed Pikel
  8702 | D:9      | Killed Pikel
  8703 | D:9      | Reached skill level 13 in Spellcasting
  8703 | D:9      | Reached XP level 10. HP: 56/56 MP: 19/29
  8803 | D:9      | Noticed a white ugly thing
  8813 | D:9      | Mangled by a white ugly thing

Illustrated notes

Levels and vault maps discovered:
D:1:      lemuel_arrival_muddy, layout_basic
D:2:      layout_basic, serial_shops, shop, nicolae_shop_stone,
          nicolae_shop_stone, uniq_jessica, uniq_natasha
D:3:      layout_rooms, basic_ecumenical_altar, ebering_ghost_sewer_d
D:4:      layout_gridville, kennysheep_cross_room, pf_guarded_unrand_meek
D:5:      layout_gridville
D:6:      layout_cave_pods, gammafunk_temple_overflow_wave, serial_shops,
          nicolae_shop_crystal, uniq_sigmund
D:7:      layout_loops_corners, minmay_temple_entry_from_below_a, serial_shops,
          shop, uniq_crazy_yiuf_cottage
D:8:      layout_cave_pods, serial_shops, nicolae_stop_n_shop_2, serial_glass,
          glass_columns_a, glass_columns_a, glass_columns_b, glass_columns_a,
          glass_columns_a, glass_columns_b, glass_columns_b, glass_columns_a,
          glass_columns_c, glass_columns_c, uniq_amaemon
D:9:      layout_long_grid, orc_0_dummy, grunt_ministairs_1, uniq_joseph,
          uniq_pikel

Skill      XL: |  1  2  3  4  5  6  7  8  9 |
---------------+----------------------------+-----
Spellcasting   | 5 6 7 9 11 13 | 13.1
Fighting       | 1 2 4 |  4.0
Armour         | 1 2 3 |  3.2
Conjurations   | 2 3 4 6 7 |  7.4
Stealth        | 3 |  3.1
Dodging        | 3 |  3.0
Air Magic      | 1 |  1.1
Poison Magic   | 1 |  1.1
Fire Magic     | 3 5 |  5.4
Evocations     | 1 |  1.0
Summonings     | |  1.1
Translocations | |  1.1

Action                   |  1- 3 |  4- 6 |  7- 9 | 10-12 || total
-------------------------+-------+-------+-------+-------++-------
Melee: Morningstar       |    13 |     2 |       |       ||    15
       Quarterstaff      |       |    11 |    48 |       ||    59
       Flail             |       |       |    32 |       ||    32
       Punch             |       |       |     1 |       ||     1
 Cast: Magic Dart        |    92 |   126 |    26 |       ||   244
       Call Imp          |     1 |       |     3 |     1 ||     5
       Mephitic Cloud    |       |     6 |    16 |     2 ||    24
       Foxfire           |       |       |   167 |    13 ||   180
       Blink             |       |       |     1 |       ||     1
 Stab: Confused          |       |     3 |     3 |       ||     6
Armor: Robe              |    11 |     2 |    32 |     1 ||    46
       Leather armour    |     1 |       |       |       ||     1
Dodge: Dodged            |    23 |    10 |    56 |     2 ||    91

Table legend: (Time is in decaauts)
 A = Elapsed time spent in this place.
 B = Non-inter-level travel time spent in this place.
 C = Inter-level travel time spent in this place.
 D = Time resting spent in this place.
 E = Time spent auto-exploring this place.
 F = Levels seen in this place.
 G = Mean time per level.
                   A        B        C        D        E       F      G
               +--------+--------+--------+--------+--------+-----+--------+
         Total |   8864 |   8540 |    324 |     15 |   7317 |   9 |  984.9 |
       Dungeon |   8864 |   8540 |    324 |     15 |   7317 |   9 |  984.9 |
               +--------+--------+--------+--------+--------+-----+--------+

Top non-repeatable levels by time:
     D:2: 1256 daAuts
     D:7: 1251 daAuts
     D:4: 1200 daAuts
     D:1: 1187 daAuts
     D:8: 1148 daAuts
     D:5: 941 daAuts
     D:6: 873 daAuts
     D:3: 870 daAuts
     D:9: 134 daAuts
